AoeStats
← 只会打步弓

African Clearing

510316859Analyzed
4v4 RM · 24h ago on Sep 30, 2026· 35m 31s· 8 players
Game mode
Random Map
Map size
Large (8 player)
Population
200
Speed
Normal
Resources
Standard
Victory
Conquest
Starting age
Dark Age
Ending age
Imperial Age
RankedLock teamsTeams togetherTeam positionsShared explorationLock speedFull tech treeHidden civsTurbo modeCheats
Victory
Defeat
🇨🇳 Varangians · China
1660
+16
🇨🇳 Huns · China
1646
+17
🇨🇳 Magyars · China
1637
+17
🇨🇳 Mapuche · China
1628
+18
🇹🇼 Varangians · Taiwan
1706
-18
🇹🇼 Persians · Taiwan
1706
-18
🇦🇷 Danes · Argentina
1659
-17
🇹🇼 Magyars · Taiwan
1605
-15
LUCKY
7:20 Loom
13:08 Feudal Age
13:55 Double-Bit Axe
15:43 Wheelbarrow
20:07 Castle Age
20:15 Town Watch
33:33 Horse Collar
35:37 Bow Saw
LY006
12:23 Feudal Age
13:36 Double-Bit Axe
13:37 Loom
16:04 Wheelbarrow
23:16 Castle Age
22:25 Fletching
只会打步弓
4:22 Loom
13:46 Feudal Age
16:20 Double-Bit Axe
16:32 Gold Mining
18:48 Castle Age
17:00 Fletching
17:02 Horse Collar
18:10 Padded Archer Armor
19:48 Bodkin Arrow
21:50 Leather Archer Armor
29:34 Bow Saw
小胖子
12:01 Feudal Age
12:46 Loom
13:17 Double-Bit Axe
14:33 Horse Collar
22:52 Castle Age
21:57 Bloodlines
22:19 Scale Barding Armor
23:48 Gold Mining
27:59 Wheelbarrow
33:09 Husbandry
hanson013
9:07 Loom
11:37 Feudal Age
12:20 Double-Bit Axe
Kevin10_7414
3:40 Loom
13:25 Feudal Age
13:56 Town Watch
17:05 Castle Age
17:04 Scale Mail Armor
16:53 Double-Bit Axe
28:11 Ballistics
28:27 Fletching
30:08 Bodkin Arrow
31:20 Padded Archer Armor
31:55 Bloodlines
34:16 Husbandry
34:54 Leather Archer Armor
默默默默默
12:14 Feudal Age
13:07 Loom
17:12 Castle Age
29:15 Horse Collar
29:25 Fishing Lines
30:04 Town Watch
30:16 Double-Bit Axe
31:42 Wheelbarrow
32:55 Bow Saw
Eddie29_1314
9:54 Loom
12:21 Feudal Age
12:54 Double-Bit Axe
15:27 Fletching
25:21 Castle Age
24:11 Gold Mining
25:44 Bodkin Arrow
25:15 Crossbowman
27:34 Padded Archer Armor
30:36 Wheelbarrow
33:13 Leather Archer Armor
33:47 Town Watch
Connection lost

Rejoining the realm…

Still unreachable

The connection could not be restored.

Session expired

The server has moved on; the page needs a fresh start.